[ AOE2 MATCH · #457080151 ]
UnrankedBritons vs Bohemians
[ REPLAY ANALYSIS · EXTRACTED FROM THE RECORDED GAME ]
Feudal
10:23
Castle
20:35
Imperial
34:03
| APM avg | 31.0 |
| APM peak | 53 |
| eAPM avg | 19.2 |
| Villagers / military | 122 / 144 |
Focus
⚔️ 21.7% · 🌾 78.3%
Skirmisher ×57 · Knight ×39 · Archer ×35 · Mangonel ×12 · Trebuchet (Packed) ×1
Feudal
11:15
Castle
19:29
Imperial
—
| APM avg | 27.6 |
| APM peak | 65 |
| eAPM avg | 14.4 |
| Villagers / military | 100 / 109 |
Focus
⚔️ 22.9% · 🌾 77.1%
Skirmisher ×50 · Spearman ×48 · Trade Cart ×14 · Knight ×8 · Hussite Wagon ×3
Feudal
10:21
Castle
23:26
Imperial
42:27
| APM avg | 36.3 |
| APM peak | 102 |
| eAPM avg | 19.0 |
| Villagers / military | 122 / 111 |
Focus
⚔️ 35.2% · 🌾 64.8%
Archer ×57 · Scout Cavalry ×17 · Skirmisher ×11 · Knight ×8 · Iron Pagoda ×5 · Trebuchet (Packed) ×5
Feudal
—
Castle
—
Imperial
—
| APM avg | 39.0 |
| APM peak | 96 |
| eAPM avg | 18.1 |
| Villagers / military | 60 / 72 |
Focus
⚔️ 32.8% · 🌾 67.2%
Conquistador ×23 · Spearman ×22 · Trade Cart ×22 · Skirmisher ×10 · Mangonel ×6 · Scorpion ×6
Match map
Initial resources + every placement click. Lines = walls · curves = elevation contours. ◆ gold · ⬟ stone · ● berries · ✦ relic · ◌ wall gap
Your base· Open — 7t gap
Culona's base· Open — unwalled flank
FRESCOOO's base· ✓ Closed at 23:26 · 42t walls · 1 gate(s)
gbecerro's base· Open — 6t gap
Smoothed initial terrain · ◌ = detected wall gap · hover for details
Inputs per minute
— Nico Monte 14 - - Culona
Build order — Nico Monte 14
First 150 of 304 actions detected
| 0:02 | Create | Villager (Male) ×4 |
| 0:04 | Build | House |
| 0:06 | Build | House |
| 1:30 | Build | Lumber Camp |
| 1:34 | Create | Villager (Male) |
| 1:35 | Create | Villager (Male) |
| 1:35 | Create | Villager (Male) |
| 1:58 | Create | Villager (Male) |
| 1:58 | Create | Villager (Male) |
| 1:59 | Create | Villager (Male) |
| 2:33 | Research | Loom |
| 2:56 | Create | Villager (Male) ×2 |
| 3:04 | Build | House |
| 3:29 | Build | House |
| 3:55 | Build | Mill |
| 4:02 | Create | Villager (Male) |
| 4:02 | Create | Villager (Male) |
| 4:53 | Create | Villager (Male) ×2 |
| 5:18 | Create | Villager (Male) |
| 5:18 | Create | Villager (Male) |
| 5:18 | Create | Villager (Male) |
| 5:47 | Create | Villager (Male) |
| 6:21 | Create | Villager (Male) |
| 6:21 | Create | Villager (Male) |
| 6:32 | Create | Villager (Male) |
| 7:32 | Build | Mining Camp |
| 7:51 | Research | Feudal Age |
| 9:04 | Build | Barracks |
| 9:07 | Build | House |
| 10:13 | Create | Villager (Male) |
| 10:13 | Create | Villager (Male) |
| 10:14 | Create | Villager (Male) |
| 10:23 | Age | Feudal Age |
| 10:27 | Build | Archery Range |
| 10:47 | Build | Blacksmith |
| 11:21 | Create | Villager (Male) |
| 11:21 | Create | Villager (Male) |
| 11:28 | Build | Farm |
| 11:28 | Build | Farm |
| 11:29 | Build | Farm |
| 11:29 | Build | Farm |
| 11:32 | Create | Archer ×3 |
| 11:48 | Build | Palisade Wall |
| 12:00 | Build | Farm |
| 12:08 | Research | Double-Bit Axe |
| 12:52 | Build | Palisade Wall |
| 12:54 | Create | Villager (Male) |
| 12:54 | Create | Villager (Male) |
| 13:01 | Build | House |
| 13:02 | Build | House |
| 13:26 | Research | Horse Collar |
| 13:34 | Build | Farm |
| 13:35 | Build | Farm |
| 13:37 | Create | Villager (Male) |
| 13:38 | Create | Villager (Male) |
| 13:52 | Create | Archer ×5 |
| 14:03 | Research | Fletching |
| 14:11 | Build | House |
| 14:12 | Build | House |
| 14:20 | Create | Villager (Male) |
| 14:21 | Create | Villager (Male) |
| 15:02 | Build | House |
| 15:13 | Build | Farm |
| 15:18 | Build | Market |
| 15:19 | Build | House |
| 15:28 | Build | Farm |
| 15:28 | Build | Farm |
| 15:29 | Build | Farm |
| 15:30 | Build | Farm |
| 15:34 | Create | Villager (Male) |
| 15:34 | Create | Villager (Male) |
| 16:30 | Build | House |
| 16:31 | Build | House |
| 16:33 | Build | House |
| 16:38 | Build | Farm |
| 16:38 | Build | Farm |
| 16:39 | Build | Farm |
| 16:48 | Build | Farm |
| 16:49 | Build | Farm |
| 17:55 | Research | Castle Age |
| 17:55 | Research | Castle Age |
| 18:17 | Create | Archer ×2 |
| 18:26 | Research | Padded Archer Armor |
| 19:01 | Build | Farm |
| 19:02 | Build | Farm |
| 19:04 | Build | Farm |
| 19:12 | Build | House |
| 19:19 | Research | Wheelbarrow |
| 19:37 | Build | Stone Wall |
| 19:42 | Build | Stone Wall |
| 19:50 | Build | Stone Wall |
| 20:35 | Age | Castle Age |
| 20:41 | Build | Town Center |
| 20:44 | Create | Villager (Male) |
| 20:44 | Create | Villager (Male) |
| 20:56 | Build | Town Center |
| 21:26 | Build | Siege Workshop |
| 21:29 | Research | Crossbowman (upgrade) |
| 21:46 | Research | Bodkin Arrow |
| 21:46 | Research | Bodkin Arrow |
| 22:02 | Research | Bow Saw |
| 22:06 | Create | Villager (Male) ×3 |
| 22:25 | Build | Outpost |
| 22:31 | Create | Villager (Male) ×3 |
| 22:57 | Build | Outpost |
| 23:01 | Create | Mangonel |
| 23:01 | Create | Mangonel |
| 23:19 | Build | Mining Camp |
| 23:34 | Create | Villager (Male) ×5 |
| 23:34 | Create | Villager (Male) ×5 |
| 23:34 | Create | Villager (Male) ×3 |
| 23:47 | Build | Outpost |
| 23:56 | Create | Archer ×3 |
| 23:56 | Create | Archer ×3 |
| 24:06 | Build | House |
| 24:14 | Research | Town Watch |
| 24:14 | Create | Villager (Male) ×3 |
| 24:23 | Create | Archer ×3 |
| 24:28 | Create | Villager (Male) ×2 |
| 24:43 | Research | Gold Mining |
| 24:44 | Research | Gold Mining |
| 24:54 | Create | Archer ×2 |
| 25:09 | Build | Outpost |
| 25:17 | Create | Mangonel |
| 25:17 | Create | Mangonel |
| 25:21 | Create | Villager (Male) ×4 |
| 25:43 | Research | Leather Archer Armor |
| 25:43 | Research | Leather Archer Armor |
| 25:50 | Create | Villager (Male) |
| 25:52 | Build | Farm |
| 25:53 | Build | Farm |
| 25:53 | Build | Farm |
| 25:53 | Build | Farm |
| 25:54 | Build | Farm |
| 26:04 | Build | Archery Range |
| 26:12 | Create | Archer ×2 |
| 26:14 | Create | Villager (Male) ×3 |
| 26:37 | Create | Mangonel |
| 26:37 | Create | Mangonel |
| 26:46 | Create | Archer |
| 26:53 | Create | Villager (Male) ×5 |
| 27:00 | Build | House |
| 27:01 | Build | House |
| 27:05 | Create | Mangonel |
| 27:59 | Create | Mangonel |
| 27:59 | Create | Mangonel |
| 28:02 | Create | Archer ×2 |
| 28:06 | Build | Siege Workshop |
| 28:22 | Create | Archer ×3 |
| 29:01 | Create | Mangonel |
Build order — Culona
First 150 of 303 actions detected
| 0:02 | Create | Villager (Male) |
| 0:02 | Create | Villager (Male) |
| 0:02 | Create | Villager (Male) |
| 0:03 | Build | House |
| 0:05 | Build | House |
| 1:04 | Create | Villager (Male) |
| 1:04 | Create | Villager (Male) |
| 1:55 | Create | Villager (Male) |
| 2:19 | Create | Villager (Male) |
| 2:20 | Create | Villager (Male) |
| 2:27 | Research | Loom |
| 2:30 | Create | Villager (Male) |
| 2:31 | Create | Villager (Male) |
| 2:31 | Create | Villager (Male) |
| 2:35 | Build | Mill |
| 3:33 | Create | Villager (Male) |
| 3:45 | Build | House |
| 4:04 | Create | Villager (Male) |
| 4:25 | Create | Villager (Male) |
| 4:25 | Create | Villager (Male) |
| 4:46 | Build | House |
| 5:29 | Create | Villager (Male) |
| 6:08 | Create | Villager (Male) |
| 6:09 | Create | Villager (Male) |
| 6:09 | Create | Villager (Male) |
| 6:09 | Create | Villager (Male) |
| 6:09 | Create | Villager (Male) |
| 6:15 | Build | Lumber Camp |
| 6:56 | Create | Villager (Male) |
| 7:16 | Build | House |
| 7:31 | Create | Villager (Male) |
| 7:31 | Create | Villager (Male) |
| 8:23 | Build | House |
| 9:05 | Research | Feudal Age |
| 10:19 | Build | Farm |
| 10:20 | Build | Farm |
| 10:21 | Build | Farm |
| 11:15 | Age | Feudal Age |
| 11:18 | Create | Villager (Male) |
| 11:18 | Create | Villager (Male) |
| 11:18 | Create | Villager (Male) |
| 11:18 | Create | Villager (Male) |
| 11:22 | Research | Horse Collar |
| 11:24 | Research | Double-Bit Axe |
| 11:28 | Build | Blacksmith |
| 11:52 | Create | Villager (Male) |
| 11:53 | Create | Villager (Male) |
| 12:03 | Build | Market |
| 12:36 | Build | Mining Camp |
| 12:48 | Build | Farm |
| 13:04 | Build | Farm |
| 13:05 | Build | Farm |
| 13:08 | Build | Farm |
| 13:10 | Build | Farm |
| 13:48 | Create | Villager (Male) |
| 13:48 | Create | Villager (Male) |
| 13:53 | Build | Barracks |
| 14:08 | Build | House |
| 14:20 | Build | House |
| 14:23 | Build | House |
| 14:30 | Create | Villager (Male) |
| 14:40 | Create | Villager (Male) |
| 14:40 | Create | Villager (Male) |
| 15:03 | Create | Spearman |
| 15:03 | Create | Spearman |
| 15:03 | Create | Spearman |
| 15:18 | Build | House |
| 15:21 | Build | House |
| 15:23 | Build | House |
| 15:33 | Build | Palisade Wall |
| 15:45 | Create | Villager (Male) |
| 15:45 | Create | Villager (Male) |
| 15:53 | Create | Spearman |
| 15:57 | Build | Farm |
| 16:07 | Build | Farm |
| 16:10 | Build | Farm |
| 16:11 | Build | Farm |
| 16:49 | Research | Castle Age |
| 16:54 | Create | Spearman |
| 17:40 | Build | Farm |
| 17:47 | Build | Farm |
| 18:00 | Build | Archery Range |
| 18:29 | Create | Villager (Male) |
| 18:32 | Create | Skirmisher |
| 18:32 | Create | Skirmisher |
| 18:32 | Create | Skirmisher |
| 18:33 | Create | Skirmisher |
| 18:33 | Create | Skirmisher |
| 18:57 | Create | Trade Cart |
| 18:57 | Create | Trade Cart |
| 18:57 | Create | Trade Cart |
| 18:57 | Create | Trade Cart |
| 19:29 | Age | Castle Age |
| 19:47 | Build | Town Center |
| 20:12 | Research | Fletching |
| 20:55 | Create | Trade Cart |
| 21:05 | Create | Villager (Male) |
| 21:05 | Create | Villager (Male) |
| 21:08 | Create | Villager (Male) |
| 21:09 | Create | Villager (Male) |
| 21:09 | Create | Villager (Male) |
| 21:54 | Build | Stable |
| 22:23 | Create | Villager (Male) |
| 22:24 | Create | Villager (Male) |
| 22:24 | Create | Villager (Male) |
| 22:24 | Create | Villager (Male) |
| 22:45 | Research | Forging |
| 22:45 | Research | Scale Barding Armor |
| 22:47 | Create | Knight |
| 22:56 | Research | Padded Archer Armor |
| 23:01 | Create | Villager (Male) |
| 24:25 | Create | Knight |
| 24:26 | Create | Skirmisher |
| 24:27 | Create | Skirmisher |
| 24:27 | Create | Skirmisher |
| 24:27 | Create | Skirmisher |
| 24:27 | Create | Skirmisher |
| 24:28 | Create | Skirmisher |
| 24:28 | Create | Skirmisher |
| 24:28 | Create | Skirmisher |
| 24:40 | Build | Farm |
| 24:41 | Create | Villager (Male) |
| 24:41 | Create | Villager (Male) |
| 24:41 | Create | Villager (Male) |
| 25:48 | Create | Knight |
| 25:58 | Build | Farm |
| 26:00 | Build | Farm |
| 26:02 | Create | Villager (Male) |
| 26:02 | Create | Villager (Male) |
| 26:06 | Build | Farm |
| 26:07 | Build | Farm |
| 26:10 | Create | Villager (Male) |
| 26:10 | Create | Villager (Male) |
| 26:11 | Create | Villager (Male) |
| 26:18 | Build | Farm |
| 26:54 | Create | Villager (Male) |
| 27:35 | Build | Castle |
| 27:43 | Create | Skirmisher |
| 27:43 | Create | Skirmisher |
| 27:43 | Create | Skirmisher |
| 27:44 | Create | Skirmisher |
| 27:44 | Create | Skirmisher |
| 27:52 | Research | Bodkin Arrow |
| 28:03 | Build | University |
| 29:11 | Build | Castle |
| 29:24 | Research | Elite Skirmisher (upgrade) |
| 29:35 | Create | Villager (Male) |
| 29:35 | Create | Villager (Male) |
| 29:35 | Create | Villager (Male) |
| 29:36 | Create | Villager (Male) |
Build order — FRESCOOO
First 150 of 407 actions detected
| 0:02 | Create | Villager (Male) |
| 0:02 | Create | Villager (Male) |
| 0:04 | Build | House |
| 0:05 | Build | House |
| 0:06 | Create | Villager (Male) |
| 0:06 | Create | Villager (Male) |
| 1:38 | Create | Villager (Male) |
| 1:38 | Create | Villager (Male) |
| 1:53 | Build | Lumber Camp |
| 2:05 | Create | Villager (Male) |
| 2:05 | Create | Villager (Male) |
| 2:41 | Research | Loom |
| 3:01 | Create | Villager (Male) |
| 3:22 | Create | Villager (Male) |
| 3:22 | Create | Villager (Male) |
| 3:59 | Build | House |
| 4:00 | Build | House |
| 4:01 | Build | House |
| 4:19 | Create | Villager (Male) |
| 4:22 | Create | Villager (Male) |
| 4:29 | Build | Mill |
| 4:40 | Create | Villager (Male) |
| 5:24 | Create | Villager (Male) |
| 5:24 | Create | Villager (Male) |
| 6:02 | Create | Villager (Male) |
| 6:52 | Create | Villager (Male) |
| 6:54 | Create | Villager (Male) |
| 7:34 | Create | Villager (Male) |
| 8:11 | Research | Feudal Age |
| 9:05 | Build | House |
| 9:08 | Build | House |
| 9:10 | Build | Barracks |
| 10:21 | Age | Feudal Age |
| 10:27 | Create | Villager (Male) |
| 10:31 | Build | Archery Range |
| 10:33 | Create | Spearman |
| 10:45 | Research | Double-Bit Axe |
| 10:58 | Build | Palisade Wall |
| 11:02 | Create | Villager (Male) |
| 11:02 | Create | Villager (Male) |
| 11:03 | Create | Villager (Male) |
| 11:14 | Build | Palisade Wall |
| 11:15 | Build | Palisade Wall |
| 11:19 | Create | Archer |
| 11:25 | Build | Mining Camp |
| 11:41 | Create | Villager (Male) |
| 12:08 | Create | Villager (Male) |
| 12:10 | Build | Farm |
| 12:13 | Build | Farm |
| 12:16 | Build | Farm |
| 12:20 | Create | Skirmisher |
| 12:20 | Create | Skirmisher |
| 12:29 | Build | House |
| 12:31 | Build | House |
| 12:46 | Build | Farm |
| 12:52 | Build | House |
| 12:56 | Build | Palisade Wall |
| 12:59 | Create | Archer |
| 13:30 | Create | Villager (Male) |
| 13:33 | Create | Villager (Male) |
| 13:33 | Create | Villager (Male) |
| 13:41 | Build | Archery Range |
| 13:58 | Create | Villager (Male) |
| 13:59 | Create | Villager (Male) |
| 14:03 | Create | Archer |
| 14:20 | Build | Blacksmith |
| 14:38 | Build | Palisade Wall |
| 14:49 | Create | Villager (Male) |
| 14:52 | Create | Skirmisher |
| 14:52 | Create | Skirmisher |
| 14:54 | Create | Archer |
| 15:09 | Build | Palisade Wall |
| 15:15 | Create | Archer |
| 15:30 | Create | Villager (Male) |
| 15:36 | Create | Skirmisher |
| 15:38 | Create | Archer |
| 15:38 | Create | Archer |
| 16:00 | Build | Market |
| 16:06 | Build | House |
| 16:08 | Build | House |
| 16:11 | Build | House |
| 16:12 | Build | House |
| 16:18 | Research | Town Watch |
| 16:19 | Create | Villager (Male) |
| 16:22 | Create | Villager (Male) |
| 16:24 | Build | Farm |
| 16:24 | Build | Farm |
| 16:24 | Build | Farm |
| 16:25 | Build | Farm |
| 16:25 | Build | Farm |
| 16:31 | Build | Farm |
| 16:31 | Build | Farm |
| 16:31 | Build | Farm |
| 16:43 | Build | Farm |
| 16:45 | Create | Villager (Male) |
| 16:59 | Build | Palisade Gate |
| 17:13 | Create | Skirmisher |
| 17:14 | Research | Fletching |
| 17:16 | Create | Archer |
| 17:41 | Create | Archer |
| 17:42 | Create | Archer |
| 17:53 | Create | Archer |
| 17:55 | Create | Villager (Male) |
| 17:56 | Create | Villager (Male) |
| 18:05 | Build | Farm |
| 18:05 | Build | Farm |
| 18:05 | Build | Farm |
| 18:06 | Build | Farm |
| 18:26 | Build | Lumber Camp |
| 18:31 | Create | Villager (Male) |
| 18:33 | Create | Villager (Male) |
| 19:27 | Create | Villager (Male) |
| 19:27 | Create | Villager (Male) |
| 19:30 | Create | Archer |
| 19:31 | Create | Archer |
| 20:46 | Research | Castle Age |
| 20:55 | Build | Lumber Camp |
| 20:59 | Create | Archer |
| 20:59 | Create | Archer |
| 20:59 | Create | Archer |
| 21:46 | Research | Horse Collar |
| 21:53 | Build | Stable |
| 22:07 | Build | Watch Tower |
| 22:12 | Build | Palisade Wall |
| 22:12 | Build | Palisade Wall |
| 22:13 | Build | Palisade Wall |
| 22:14 | Build | Palisade Wall |
| 22:16 | Research | Gold Mining |
| 22:22 | Create | Archer |
| 22:22 | Create | Archer |
| 22:23 | Create | Archer |
| 22:24 | Create | Archer |
| 23:01 | Build | House |
| 23:02 | Build | House |
| 23:03 | Build | House |
| 23:26 | Age | Castle Age |
| 23:26 | Research | Crossbowman (upgrade) |
| 23:29 | Research | Elite Skirmisher (upgrade) |
| 23:59 | Research | Bodkin Arrow |
| 24:01 | Create | Villager (Male) |
| 24:01 | Create | Villager (Male) |
| 24:01 | Create | Villager (Male) |
| 24:54 | Create | Villager (Male) |
| 24:54 | Create | Villager (Male) |
| 24:55 | Create | Villager (Male) |
| 24:58 | Create | Archer |
| 24:58 | Create | Archer |
| 24:59 | Create | Archer |
| 24:59 | Create | Archer |
| 25:02 | Create | Scout Cavalry |
Build order — gbecerro
First 150 of 249 actions detected
| 0:00 | Create | Villager (Male) |
| 0:01 | Research | Loom |
| 0:01 | Create | Villager (Male) |
| 0:02 | Create | Villager (Male) |
| 0:02 | Create | Villager (Male) |
| 0:04 | Build | House |
| 0:06 | Build | House |
| 1:38 | Create | Villager (Male) |
| 1:39 | Create | Villager (Male) |
| 2:24 | Create | Villager (Male) |
| 2:34 | Create | Villager (Male) |
| 3:28 | Create | Villager (Male) |
| 3:46 | Create | Villager (Male) |
| 3:51 | Build | House |
| 4:22 | Create | Villager (Male) |
| 4:31 | Create | Villager (Male) |
| 5:12 | Create | Villager (Male) |
| 5:28 | Create | Villager (Male) |
| 5:59 | Create | Villager (Male) |
| 6:15 | Create | Villager (Male) |
| 6:51 | Create | Villager (Male) |
| 7:02 | Build | House |
| 7:03 | Build | Mill |
| 7:13 | Build | Lumber Camp |
| 7:42 | Create | Villager (Male) |
| 7:55 | Create | Villager (Male) |
| 8:03 | Create | Villager (Male) |
| 8:20 | Create | Villager (Male) |
| 9:13 | Research | Feudal Age |
| 9:32 | Create | Villager (Male) |
| 10:27 | Build | Palisade Wall |
| 10:37 | Build | Palisade Wall |
| 10:45 | Build | Palisade Wall |
| 11:00 | Build | House |
| 11:14 | Build | Farm |
| 11:23 | Build | Farm |
| 11:42 | Create | Villager (Male) |
| 11:46 | Research | Wheelbarrow |
| 11:47 | Research | Double-Bit Axe |
| 12:14 | Create | Villager (Male) |
| 12:18 | Build | Lumber Camp |
| 12:39 | Create | Villager (Male) |
| 13:03 | Create | Villager (Male) |
| 13:09 | Build | House |
| 13:41 | Build | Palisade Gate |
| 13:45 | Create | Villager (Male) |
| 13:50 | Build | Farm |
| 13:54 | Build | Farm |
| 13:56 | Build | House |
| 14:10 | Build | Barracks |
| 14:12 | Build | Farm |
| 14:23 | Build | Farm |
| 14:34 | Build | House |
| 14:39 | Build | House |
| 14:54 | Build | Watch Tower |
| 15:17 | Build | House |
| 15:53 | Build | House |
| 15:56 | Create | Villager (Male) |
| 16:11 | Build | Market |
| 16:13 | Create | Villager (Male) |
| 16:18 | Build | House |
| 16:19 | Create | Spearman |
| 16:24 | Build | Archery Range |
| 16:31 | Build | Farm |
| 16:52 | Build | Blacksmith |
| 16:58 | Build | Palisade Wall |
| 17:08 | Create | Villager (Male) |
| 17:21 | Build | Lumber Camp |
| 17:33 | Create | Skirmisher |
| 17:38 | Create | Skirmisher |
| 17:45 | Build | Archery Range |
| 17:54 | Build | Farm |
| 17:57 | Research | Fletching |
| 18:05 | Create | Spearman |
| 18:18 | Create | Skirmisher |
| 18:22 | Create | Skirmisher |
| 18:45 | Build | House |
| 18:50 | Create | Skirmisher |
| 18:50 | Create | Skirmisher |
| 18:54 | Create | Villager (Male) |
| 19:19 | Create | Villager (Male) |
| 19:26 | Create | Trade Cart |
| 19:34 | Create | Villager (Male) |
| 20:15 | Create | Villager (Male) |
| 20:25 | Research | Castle Age |
| 20:34 | Build | Mining Camp |
| 21:01 | Create | Trade Cart |
| 21:03 | Create | Trade Cart |
| 21:03 | Create | Trade Cart |
| 21:04 | Create | Trade Cart |
| 21:47 | Create | Villager (Male) |
| 23:04 | Create | Trade Cart |
| 23:44 | Create | Villager (Male) |
| 23:47 | Create | Villager (Male) |
| 23:48 | Build | Farm |
| 24:19 | Build | Castle |
| 24:33 | Create | Villager (Male) |
| 24:50 | Build | Siege Workshop |
| 25:03 | Create | Villager (Male) |
| 25:17 | Create | Mangonel |
| 25:45 | Create | Scorpion |
| 26:20 | Create | Mangonel |
| 26:51 | Create | Scorpion |
| 27:00 | Create | Villager (Male) |
| 28:01 | Create | Mangonel |
| 28:02 | Create | Scorpion |
| 29:18 | Create | Mangonel |
| 29:19 | Create | Scorpion |
| 29:32 | Create | Conquistador |
| 29:33 | Create | Conquistador |
| 29:33 | Create | Conquistador |
| 29:34 | Create | Conquistador |
| 29:34 | Create | Conquistador |
| 29:34 | Create | Conquistador |
| 29:35 | Create | Conquistador |
| 29:44 | Build | Lumber Camp |
| 29:56 | Build | Monastery |
| 29:57 | Build | House |
| 30:21 | Create | Villager (Male) |
| 30:25 | Create | Villager (Male) |
| 31:20 | Create | Conquistador |
| 31:50 | Create | Conquistador |
| 32:01 | Create | Villager (Male) |
| 32:04 | Build | Farm |
| 32:06 | Build | Farm |
| 32:07 | Build | Farm |
| 32:14 | Build | Lumber Camp |
| 32:22 | Create | Conquistador |
| 32:35 | Build | Outpost |
| 32:40 | Create | Monk |
| 32:59 | Create | Villager (Male) |
| 33:05 | Build | Farm |
| 33:06 | Build | Farm |
| 33:36 | Build | Outpost |
| 33:50 | Create | Mangonel |
| 34:20 | Create | Scorpion |
| 34:21 | Create | Villager (Male) |
| 34:24 | Research | Town Watch |
| 34:46 | Create | Monk |
| 34:53 | Research | Fervor |
| 34:57 | Create | Conquistador |
| 34:57 | Create | Conquistador |
| 35:14 | Build | Outpost |
| 35:42 | Create | Conquistador |
| 35:43 | Create | Conquistador |
| 35:43 | Create | Conquistador |
| 36:28 | Create | Conquistador |
| 36:28 | Create | Conquistador |
| 36:53 | Create | Mangonel |
| 36:53 | Create | Scorpion |
Match timeline
| 9:04 | Nico Monte 14 · first_building Barracks |
| 9:10 | FRESCOOO · first_building Barracks |
| 10:21 | FRESCOOO · age_up feudal |
| 10:23 | Nico Monte 14 · age_up feudal |
| 10:27 | Nico Monte 14 · first_building Archery Range |
| 10:27 | gbecerro · wall_segment Palisade Wall x28 |
| 10:31 | FRESCOOO · first_building Archery Range |
| 10:37 | gbecerro · wall_segment Palisade Wall x27 |
| 10:45 | gbecerro · wall_segment Palisade Wall x16 |
| 10:58 | FRESCOOO · wall_segment Palisade Wall x8 |
| 11:14 | FRESCOOO · wall_segment Palisade Wall x8 |
| 11:15 | FRESCOOO · wall_segment Palisade Wall x1 |
| 11:15 | Culona · age_up feudal |
| 11:48 | Nico Monte 14 · wall_segment Palisade Wall x2 |
| 12:52 | Nico Monte 14 · wall_segment Palisade Wall x17 |
| 12:56 | FRESCOOO · wall_segment Palisade Wall x5 |
| 13:53 | Culona · first_building Barracks |
| 14:10 | gbecerro · first_building Barracks |
| 14:38 | FRESCOOO · wall_segment Palisade Wall x9 |
| 15:09 | FRESCOOO · wall_segment Palisade Wall x7 |
| 15:33 | Culona · wall_segment Palisade Wall x1 |
| 16:24 | gbecerro · first_building Archery Range |
| 16:36 | Culona · first_market_buy 100 food |
| 16:40 | Culona · first_market_sell 100 wood |
| 16:58 | gbecerro · wall_segment Palisade Wall x1 |
| 17:22 | Nico Monte 14 · first_market_buy 100 food |
| 17:24 | Nico Monte 14 · first_market_sell 100 wood |
| 18:00 | Culona · first_building Archery Range |
| 19:29 | Culona · age_up castle |
| 19:37 | Nico Monte 14 · wall_segment Stone Wall x9 |
| 19:42 | Nico Monte 14 · wall_segment Stone Wall x5 |
| 19:50 | Nico Monte 14 · wall_segment Stone Wall x5 |
| 20:35 | Nico Monte 14 · age_up castle |
| 21:26 | Nico Monte 14 · first_building Siege Workshop |
| 21:53 | FRESCOOO · first_building Stable |
| 21:54 | Culona · first_building Stable |
| 22:12 | FRESCOOO · wall_segment Palisade Wall x1 |
| 22:12 | FRESCOOO · wall_segment Palisade Wall x1 |
| 22:13 | FRESCOOO · wall_segment Palisade Wall x1 |
| 22:14 | FRESCOOO · wall_segment Palisade Wall x1 |
| 23:09 | gbecerro · first_market_sell 100 wood |
| 23:13 | gbecerro · first_market_buy 100 stone |
| 23:26 | FRESCOOO · age_up castle |
| 24:19 | gbecerro · first_building Castle |
| 24:50 | gbecerro · first_building Siege Workshop |
| 25:20 | FRESCOOO · first_market_sell 100 wood |
| 25:22 | FRESCOOO · first_market_buy 100 food |
| 27:35 | Culona · first_building Castle |
| 29:54 | FRESCOOO · first_building Siege Workshop |
| 29:56 | gbecerro · first_building Monastery |
| 34:03 | Nico Monte 14 · age_up imperial |
| 38:33 | Nico Monte 14 · first_building Stable |
| 39:39 | FRESCOOO · first_building Castle |
| 40:37 | FRESCOOO · first_building Monastery |
| 41:02 | gbecerro · wall_segment Palisade Wall x1 |
| 41:05 | gbecerro · wall_segment Palisade Wall x1 |
| 42:27 | FRESCOOO · age_up imperial |
| 45:30 | Nico Monte 14 · first_building Castle |
| 47:14 | Culona · resign |
[ AI ANALYSIS · 1 CREDIT ]
What really happened in this match?
Wolo.gg analyzes every decision: build order, eco, micro, common mistakes by bracket. Personalized analysis on WhatsApp or Discord in 30 seconds.
Civ guide
Britons
Perfil
Jugador #23280301